Map: Blackburn LE

Players

Reynor

  • Race: Zerg Zerg

MarineLorD - Winner!

  • Race: Terran Terran
  • League: Master

Event: DreamHack SC2 Masters 2021 Winter

VOD

Have the link to the VOD?

Description

Time

  • Played on: Oct. 12, 2021, 2:24 p.m.
  • Length: 22:25

All games in this series

Show
View Real Time Build Order
Export as new Build Order

Reynor Zerg 

Build Orders: Hatch First 

Get SALT Encoding   

  12  0:00  Drone  
  13  0:12  Overlord  
  13  0:16  Drone  
  14  0:31  Drone x2  
  16  0:49  Hatchery  
  15  0:51  Drone  
  15  0:55  Drone  
  17  1:00  Drone  
  18  1:09  Extractor  
  17  1:15  Spawning Pool  
  16  1:19  Drone  
  16  1:23  Drone  
  18  1:28  Drone  
  20  1:40  Drone  
  20  1:51  Overlord  
  20  2:02  Zergling x2, Queen x2  
  20  2:04  Zergling x2  
  26  2:11  Drone  
  26  2:12  Drone  
  28  2:22  Drone  
  29  2:23  Drone  
  29  2:26  Metabolic Boost  
  30  2:34  Overlord  
  30  2:35  Drone  
  31  2:40  Queen  
  31  2:43  Drone  
  34  2:46  Drone  
  35  2:53  Drone  
  35  2:55  Drone  
  37  3:04  Drone  
  38  3:07  Queen  
  39  3:16  Drone x3  
  42  3:23  Hatchery  
  42  3:24  Overlord  
  42  3:27  Drone  
  42  3:28  Drone  
  42  3:30  Drone  
  44  3:42  Baneling Nest  
  44  3:43  Drone  
  44  3:44  Drone  
  44  3:45  Drone  
  44  3:47  Queen  
  48  3:49  Overlord  
  48  3:57  Overlord  
  48  4:07  Zergling x8  
  52  4:11  Spore Crawler  
  52  4:12  Zergling x2  
  52  4:15  Overlord  
  52  4:17  Drone x3  
  52  4:21  Drone  
  52  4:23  Drone x2  
  58  4:25  Drone  
  59  4:33  Queen  
  59  4:34  Zergling x4  
  59  4:38  Zergling x2  
  64  4:44  Drone x2  
  64  4:45  Lair  
  63  4:46  Drone  
  63  4:49  Drone  
  63  4:50  Drone x2  
  67  4:55  Overlord  
  67  4:57  Drone x2  
  67  4:58  Drone x3  
  72  5:00  Baneling x2, Spore Crawler  
  72  5:03  Queen, Spore Crawler  
  72  5:05  Drone, Extractor  
  72  5:07  Drone x2  
  74  5:15  Drone  
  74  5:18  Drone, Overlord  
  74  5:20  Spore Crawler  
  75  5:21  Drone x2  
  75  5:23  Drone  
  75  5:24  Drone x2  
  75  5:25  Drone  
  81  5:30  Overlord  
  80  5:36  Overlord  
  82  5:46  Extractor  
  82  5:47  Centrifugal Hooks, Extractor  
  82  5:49  Drone x2  
  83  5:50  Drone x2, Hatchery  
  83  5:51  Drone x2  
  83  5:58  Evolution Chamber x2  
  83  6:01  Zergling x16  
  83  6:02  Zergling x2  
  89  6:13  Overlord  
  89  6:16  Zergling x10  
  94  6:20  Overlord  
  94  6:24  Zerg Ground Armor Level 1, Zerg Melee Weapons Level 1  
  94  6:31  Drone x5  
  99  6:34  Zergling x12  
  103  6:40  Drone  
  103  6:43  Drone  
  103  6:45  Baneling x6  
  105  6:47  Drone  
  105  6:52  Zergling x8  
  110  6:54  Overlord  
  110  6:57  Zergling x6  
  110  6:58  Baneling x7  
  110  6:59  Drone  
  110  7:00  Pneumatized Carapace  
  114  7:02  Drone x3  
  114  7:04  Zergling x2  
  114  7:06  Zergling x2  
  119  7:09  Baneling x5  
  108  7:16  Zergling x2  
  108  7:17  Zergling x4  
  108  7:22  Drone  
  109  7:24  Hatchery  
  109  7:26  Zergling x8  
  112  7:30  Baneling x9  
  112  7:32  Drone x2  
  112  7:33  Drone  
  112  7:34  Drone, Hatchery  
  112  7:36  Zergling x6  
  118  7:39  Zergling x4  
  118  7:42  Zergling x2  
  121  7:44  Zergling x2  
  121  7:47  Overlord  
  121  7:49  Zergling x2  
  123  7:52  Zergling x12  
  123  7:55  Zergling x2, Queen  
  126  7:58  Zergling x6  
  126  7:59  Baneling x3  
  126  8:03  Zergling x4  
  126  8:05  Zergling x2  
  119  8:07  Queen  
  118  8:14  Zergling x2  
  118  8:15  Zergling x6  
  118  8:18  Zergling x4  
  121  8:21  Queen  
  121  8:22  Zergling x8, Zerg Melee Weapons Level 2, Zerg Ground Armor Level 2  
  121  8:26  Baneling x6  
  125  8:28  Zergling x4, Queen  
  125  8:30  Zergling x2  
  125  8:33  Baneling x4  
  130  8:36  Zergling x4  
  130  8:40  Zergling x2  
  130  8:41  Baneling x3  
  129  8:44  Zergling x6  
  132  8:48  Zergling x6  
  132  8:49  Zergling x4  
  132  8:51  Zergling x4  
  132  8:52  Queen  
  132  8:53  Zergling x2  
  141  8:55  Zergling x2  
  133  9:03  Zergling x8  
  133  9:04  Zergling x2  
  133  9:07  Zergling x2  
  131  9:11  Drone x2  
  131  9:12  Infestation Pit  
  131  9:14  Baneling x4  
  132  9:17  Zergling x2  
  132  9:18  Zergling x14  
  132  9:19  Spore Crawler x2  
  132  9:21  Burrow  
  138  9:24  Drone  
  138  9:25  Drone x3  
  138  9:26  Zergling x2  
  138  9:27  Extractor  
  138  9:30  Baneling x9  
  134  9:32  Zergling x10  
  134  9:36  Queen  
  141  9:40  Zergling x8  
  141  9:45  Drone x4, Queen  
  149  9:50  Baneling x9, Zergling x2  
  149  9:51  Zergling x6  
  155  9:53  Overlord  
  155  9:54  Overlord x2  
  155  9:58  Zergling x8, Extractor  
  153  10:03  Overlord  
  153  10:05  Drone x3  
  156  10:09  Spore Crawler x2  
  156  10:10  Drone x3, Spore Crawler  
  155  10:15  Zergling x16  
  155  10:16  Zergling x2  
  164  10:25  Zergling x2  
  164  10:26  Zergling x14  
  170  10:31  Zergling x4  
  170  10:41  Zergling x22  
  177  10:44  Hive  
  177  10:45  Zergling x8  
  177  10:47  Zergling x2  
  177  10:48  Zergling x4  
  181  10:50  Zergling x2  
  181  10:55  Zergling x4  
  158  10:59  Queen  
  158  11:01  Zergling x6  
  152  11:08  Zergling x10  
  152  11:10  Zergling x4  
  158  11:13  Zergling x6  
  158  11:14  Drone x2  
  158  11:15  Drone  
  158  11:16  Zergling x8  
  158  11:17  Baneling x10  
  162  11:21  Zergling x10  
  167  11:29  Baneling x9  
  167  11:30  Drone x3  
  170  11:35  Zergling x6  
  173  11:45  Overlord  
  172  11:50  Hatchery  
  171  11:55  Viper x4  
  171  11:59  Drone x2  
  171  12:00  Drone x3  
  188  12:02  Extractor  
  188  12:03  Overlord  
  188  12:06  Queen  
  189  12:11  Drone x4  
  189  12:13  Spore Crawler  
  192  12:17  Spore Crawler  
  192  12:18  Zerg Ground Armor Level 3, Spore Crawler  
  192  12:19  Zerg Melee Weapons Level 3  
  192  12:22  Queen  
  192  12:34  Zergling x20  
  164  12:47  Zergling x28  
  164  12:49  Zergling x20  
  161  12:53  Zergling x8  
  161  12:56  Zergling x8  
  162  13:08  Baneling x10  
  159  13:16  Zergling x18  
  154  13:20  Overseer x2  
  154  13:21  Infestation Pit, Baneling x5  
  154  13:22  Baneling x2  
  153  13:30  Zergling x8  
  153  13:31  Spire, Zergling x18  
  153  13:32  Drone x3  
  157  13:35  Queen  
  157  13:41  Zergling x8  
  157  13:49  Adrenal Glands, Extractor  
  150  14:07  Overseer  
  150  14:08  Baneling x2, Ultralisk Cavern  
  150  14:09  Zergling x22  
  149  14:10  Zergling x4  
  146  14:18  Zergling x26  
  146  14:21  Zergling x20  
  169  14:25  Zergling x12  
  175  14:36  Baneling x6  
  172  14:44  Baneling x7  
  143  14:54  Zergling x10  
  143  14:55  Zergling x24  
  143  14:58  Chitinous Plating  
  145  15:00  Ultralisk  
  151  15:08  Baneling x6  
  151  15:10  Ultralisk  
  157  15:22  Ultralisk  
  157  15:23  Zergling x16  
  170  15:28  Baneling x10  
  170  15:30  Drone  
  170  15:31  Drone x2  
  172  15:43  Baneling x5  
  159  15:56  Zergling x12  
  159  15:57  Zergling x22  
  159  16:05  Ultralisk, Zergling x14  
  171  16:21  Baneling x6  
  171  16:23  Zergling x8  
  171  16:24  Zergling x2  
  171  16:26  Spore Crawler  
  171  16:27  Spore Crawler  
  165  16:42  Ultralisk x3, Zergling x2  
  165  16:43  Zergling x12  
  175  16:51  Zergling x2  
  175  16:52  Zergling x16  
  176  17:08  Anabolic Synthesis  
  175  17:09  Hatchery  
  161  17:23  Zergling x26  
  161  17:26  Zergling x2  
  161  17:27  Zergling x26  
  171  17:39  Zergling x12  
  171  17:41  Baneling x5  
  171  17:42  Baneling x8  
  171  17:43  Ultralisk  
  176  17:56  Baneling x7  
  176  17:57  Baneling  
  176  17:58  Corruptor x3  
  178  18:01  Baneling  
  178  18:03  Baneling x8  
  180  18:06  Corruptor  
  177  18:31  Spore Crawler  
  177  18:33  Corruptor x3  
  177  18:34  Zergling x20  
  184  19:05  Zergling x38  
  184  19:06  Zergling x2  
  184  19:26  Zergling x20  
  184  19:27  Baneling x2  
  151  19:46  Corruptor x5  
  161  20:07  Hatchery  
  161  20:13  Corruptor x2  
  161  20:14  Corruptor x2  
  167  20:27  Baneling x7  
  167  20:28  Overseer  
  167  20:29  Baneling x4  
  167  20:33  Zergling x2  
  167  20:34  Zergling x12  
  174  20:44  Baneling x2  
  174  20:45  Baneling x7  
  174  20:55  Zergling x22  
  176  21:11  Baneling x14  
  173  21:14  Overlord  
  166  21:27  Overlord x3  
  142  21:50  Zergling x24  
  146  22:06  Zergling x14  
Show
View Real Time Build Order
Export as new Build Order

MarineLorD Terran - Winner!

Build Orders: Reaper Expand 

Get SALT Encoding   

  12  0:00  SCV  
  13  0:12  SCV  
  14  0:17  Supply Depot  
  14  0:24  SCV  
  15  0:38  SCV  
  15  0:40  Barracks  
  16  0:44  Refinery  
  16  0:50  SCV  
  17  1:02  SCV  
  18  1:15  SCV  
  19  1:27  Reaper, Orbital Command  
  20  1:40  Command Center  
  20  1:51  Supply Depot  
  20  1:52  SCV  
  21  1:58  Marine  
  22  2:04  SCV  
  23  2:09  Factory  
  23  2:16  SCV  
  23  2:21  Barracks Reactor, Refinery  
  24  2:28  SCV  
  25  2:36  Engineering Bay  
  25  2:41  SCV  
  26  2:53  Orbital Command  
  26  2:57  Marine x2  
  31  2:58  Hellion  
  31  3:01  Starport  
  31  3:04  SCV  
  31  3:16  SCV  
  31  3:17  Marine x2  
  34  3:20  Hellion  
  34  3:21  SCV  
  37  3:28  SCV  
  37  3:31  Supply Depot  
  37  3:33  SCV  
  39  3:35  Marine x2  
  39  3:38  Medivac  
  43  3:41  Hellion  
  43  3:43  SCV  
  46  3:53  SCV  
  46  3:55  Supply Depot, SCV  
  47  3:56  Supply Depot  
  48  4:05  SCV  
  48  4:06  Barracks Tech Lab  
  48  4:07  SCV  
  48  4:08  Liberator  
  53  4:17  SCV  
  53  4:20  SCV  
  55  4:27  Command Center, Marine  
  55  4:29  SCV  
  57  4:32  SCV  
  58  4:41  SCV  
  58  4:45  Marine  
  58  4:46  Stimpack  
  58  4:49  Barracks  
  58  4:50  Factory Reactor  
  58  4:52  Starport Reactor, Barracks  
  58  4:53  SCV x2  
  60  5:01  Engineering Bay  
  60  5:02  Engineering Bay  
  60  5:05  SCV  
  60  5:06  Refinery x2  
  61  5:08  SCV  
  61  5:11  Marine  
  63  5:18  SCV  
  63  5:20  Supply Depot, SCV  
  65  5:30  SCV  
  65  5:32  SCV  
  65  5:34  Factory Tech Lab  
  65  5:35  Marine  
  67  5:40  Terran Infantry Weapons Level 1, Terran Infantry Armor Level 1  
  67  5:42  SCV, Orbital Command  
  69  5:44  SCV  
  69  5:45  Marine x3  
  69  5:49  Marine  
  74  5:53  Marine  
  74  5:54  SCV  
  74  5:56  SCV  
  77  5:57  Siege Tank  
  77  5:59  Medivac  
  77  6:00  Medivac  
  77  6:02  Orbital Command  
  77  6:03  Marine x2  
  77  6:04  Marine  
  87  6:08  SCV x2  
  87  6:10  Marine  
  90  6:16  Marine  
  89  6:21  Marine  
  89  6:22  Supply Depot  
  89  6:23  Supply Depot  
  89  6:25  SCV  
  91  6:26  Combat Shield  
  91  6:28  Marine  
  92  6:35  SCV  
  92  6:39  Marine x2  
  92  6:44  Liberator x2  
  92  6:45  Marine x2  
  92  6:46  Marine  
  101  6:48  SCV x2  
  101  6:49  SCV  
  101  6:53  Siege Tank  
  107  6:57  Marine x2  
  106  7:03  Supply Depot, Marine  
  106  7:05  Marine x2  
  109  7:14  SCV x2, Marine  
  109  7:15  Marine  
  108  7:21  Marine  
  105  7:23  Marine x2  
  105  7:26  SCV  
  105  7:29  Barracks  
  108  7:30  Barracks  
  108  7:32  Marine x2  
  108  7:33  Siege Tank  
  108  7:34  Medivac x2  
  117  7:37  Armory  
  117  7:39  Refinery  
  117  7:45  Supply Depot, Concussive Shells, Marine x3  
  117  7:46  Supply Depot  
  117  7:50  Marine x2  
  118  8:03  Marine x3  
  119  8:08  Marine x2  
  119  8:10  Siege Tank  
  117  8:20  Marine  
  117  8:21  Marine x2  
  117  8:22  Barracks Reactor  
  117  8:23  Barracks Reactor, Command Center  
  117  8:26  Marine x2  
  121  8:27  SCV x3  
  121  8:29  Medivac  
  121  8:30  Medivac  
  121  8:31  Factory  
  126  8:38  Marine x2  
  126  8:39  SCV x3, Marine  
  117  8:44  Marine x2  
  119  8:52  SCV x3  
  119  8:53  Siege Tank  
  124  8:56  Marine x3  
  124  9:00  Marine x2  
  124  9:01  Marine  
  124  9:02  Marine  
  116  9:04  SCV x2  
  116  9:07  Marine x2  
  112  9:10  SCV  
  112  9:12  Liberator x2  
  112  9:14  Marine x3  
  112  9:15  Terran Infantry Weapons Level 2  
  112  9:16  SCV x2  
  124  9:17  Terran Infantry Armor Level 2  
  124  9:18  Marine x2  
  124  9:19  Marine x2  
  124  9:21  Factory Reactor  
  124  9:22  SCV  
  129  9:25  Marine x2  
  129  9:28  SCV x2  
  125  9:32  Marine x3  
  125  9:34  SCV  
  125  9:36  Marine x2  
  125  9:37  Marine x2  
  133  9:39  Siege Tank  
  133  9:40  SCV  
  133  9:41  SCV  
  133  9:43  Marine x2  
  140  9:47  SCV  
  140  9:49  Marine  
  142  9:53  SCV  
  142  9:55  Medivac x2, Marine x3  
  150  10:01  Planetary Fortress  
  150  10:03  Refinery  
  150  10:06  Marine x2  
  152  10:09  Marine x2  
  152  10:10  Marine x2  
  156  10:18  Supply Depot x2  
  156  10:33  Marine x5  
  156  10:39  Medivac, Marine x4  
  156  10:40  SCV x3, Siege Tank  
  168  10:50  Marine  
  168  10:51  Marine x4  
  168  10:54  Barracks  
  168  10:55  Barracks  
  143  10:57  Marine x4  
  137  11:05  Command Center  
  137  11:06  Liberator  
  137  11:08  Marine  
  137  11:09  Liberator, Widow Mine x2, Marine x3  
  149  11:15  SCV x4, Marine  
  145  11:19  Terran Vehicle And Ship Armor Level 1  
  145  11:27  SCV x2  
  145  11:28  Widow Mine  
  145  11:29  Drilling Claws  
  145  11:30  Widow Mine  
  145  11:31  Widow Mine  
  145  11:32  Terran Infantry Weapons Level 3  
  153  11:34  Terran Infantry Armor Level 3  
  153  11:35  Barracks  
  153  11:38  Marine x2  
  155  11:42  Marine x2  
  155  11:44  Marine  
  155  11:45  Marine  
  159  11:48  Marine x2  
  159  11:54  Refinery x2  
  161  11:55  Widow Mine x2  
  161  11:58  Marine  
  161  11:59  Barracks Tech Lab x2  
  166  12:04  Widow Mine, Marine x2  
  170  12:09  Marauder  
  170  12:12  Supply Depot  
  170  12:14  Supply Depot  
  172  12:17  Widow Mine x2, Marine x2  
  178  12:23  Marine x3  
  178  12:24  Marauder  
  178  12:25  Widow Mine  
  178  12:26  Marauder  
  187  12:32  Marine  
  187  12:33  Marine x3  
  187  12:34  Marauder  
  191  12:40  Marine x2  
  191  12:41  Marine x3  
  183  12:45  Marauder  
  183  12:47  Marine  
  183  12:50  Widow Mine x2, Marine  
  183  12:51  Widow Mine, Marine x3  
  163  12:55  Marine  
  163  12:58  Marine x2  
  162  12:59  Marine x3  
  162  13:03  Command Center  
  162  13:05  Marauder  
  164  13:06  Marine  
  164  13:07  SCV  
  164  13:08  SCV x2, Marine  
  164  13:11  Widow Mine, SCV  
  164  13:12  Widow Mine  
  168  13:14  Marine  
  168  13:15  Marine x2  
  168  13:17  Command Center  
  168  13:19  SCV, Marine x4  
  166  13:21  Liberator x2  
  166  13:23  Marauder, Widow Mine, Marine  
  166  13:24  Marine  
  175  13:28  Marine x2  
  175  13:32  Marine  
  175  13:33  Marine x2  
  179  13:37  Marine x2  
  179  13:40  Marine x2  
  179  13:41  Marine  
  184  13:43  Marine  
  184  13:44  Marine  
  184  13:46  Widow Mine x3, Marine  
  184  13:47  Marauder  
  195  13:48  Planetary Fortress  
  195  13:52  Marine x2  
  197  13:58  Ghost Academy, Marine  
  197  14:01  Marauder  
  199  14:03  Marauder  
  199  14:04  Liberator  
  199  14:06  Marine x3  
  199  14:07  Widow Mine x2  
  199  14:08  Marine  
  199  14:09  Marine  
  196  14:10  Marine  
  196  14:14  Marine  
  196  14:15  Marine  
  198  14:31  Marine  
  198  14:34  Orbital Command x2  
  198  14:35  Starport, Fusion Core  
  198  14:36  Starport  
  198  14:38  Marauder  
  190  14:42  Command Center, Marine x2  
  190  14:43  Command Center, Marine x5  
  185  14:45  Marine  
  185  14:46  Marauder, Marine  
  185  14:49  Marine  
  172  14:59  Marine  
  163  15:00  Widow Mine, Marine x4  
  163  15:01  Marine x3  
  163  15:03  Marine  
  163  15:04  Marauder  
  163  15:07  Marauder, Marine  
  173  15:08  Medivac x2  
  173  15:12  Terran Ship Weapons Level 1  
  177  15:17  Marine  
  177  15:20  Medivac x2, Marine  
  177  15:21  Marine x2  
  183  15:24  Advanced Ballistics  
  183  15:25  Marauder  
  185  15:29  Marine x3  
  185  15:30  Marauder, Refinery  
  185  15:31  Refinery  
  190  15:36  Barracks Tech Lab  
  190  15:42  Marauder, Marine x3  
  192  15:46  Marine  
  192  15:47  Marine x2  
  192  15:49  Marauder, Marine  
  187  15:53  Marine x2  
  187  15:55  Liberator x2, Medivac x2  
  192  15:57  Marine  
  192  16:00  Marine x2  
  192  16:03  Widow Mine x2  
  187  16:09  Orbital Command  
  187  16:11  Marauder, Marine x2  
  187  16:22  Marauder x3, Marine x2  
  187  16:24  Liberator, Marine  
  196  16:27  Marine x2  
  196  16:28  Command Center  
  196  16:30  Marine  
  191  16:43  Marauder x3  
  169  16:49  Liberator, Medivac x2  
  169  16:53  Missile Turret, Planetary Fortress  
  163  16:55  Marauder, Marine x4  
  163  16:57  Marine x4  
  171  17:04  Marine x2  
  171  17:05  Marauder  
  171  17:07  Liberator  
  176  17:13  Marine x3  
  179  17:17  Marauder  
  179  17:18  Marine x2  
  179  17:19  Marine x2  
  170  17:22  Marine  
  170  17:23  Marauder, Marine  
  170  17:27  Widow Mine x2  
  157  17:30  Marauder, Marine  
  157  17:31  Widow Mine, Medivac x2, Marine  
  157  17:34  Marine  
  157  17:36  Marine x2  
  164  17:37  Liberator  
  164  17:38  Marauder  
  164  17:39  Marine  
  164  17:41  Marauder  
  174  17:44  Marauder  
  174  17:47  Refinery  
  174  17:48  Refinery  
  174  17:49  Widow Mine  
  174  17:50  Liberator  
  177  17:51  Marauder  
  177  17:56  Marine x5  
  177  17:57  Marine x3  
  180  17:59  Marauder  
  180  18:01  Liberator x2  
  180  18:02  Marauder  
  180  18:05  Marine  
  189  18:10  Widow Mine  
  189  18:12  Marine  
  192  18:13  Marine  
  192  18:14  Command Center  
  192  18:15  Marine  
  190  18:20  Liberator  
  197  18:27  Widow Mine x2  
  197  18:31  Terran Ship Weapons Level 2  
  200  18:42  Ghost  
  200  18:44  Medivac, Command Center  
  196  18:51  Medivac x2  
  196  18:59  Ghost x3  
  196  19:02  Marine x2  
  191  19:03  Marine  
  191  19:05  Marine  
  191  19:06  Marine  
  187  19:11  Marine x2, Ghost  
  187  19:13  Marine  
  192  19:20  Marine x2  
  192  19:21  Marine  
  192  19:23  Marine  
  189  19:24  Marine  
  189  19:27  Ghost x2  
  189  19:28  Marauder  
  189  19:29  Marine x2  
  189  19:31  Marine  
  149  19:38  Marine x2  
  141  19:39  Marine  
  141  19:40  Marauder  
  141  19:41  Marine  
  141  19:42  Marine  
  131  19:47  Marine x2  
  131  19:48  Marine  
  131  19:50  Marauder  
  126  19:55  Marine  
  126  19:56  Marine  
  126  19:57  Marauder x2, Marine  
  126  19:59  Marine  
  134  20:00  Marine  
  134  20:02  Marauder  
  134  20:03  Liberator x3  
  134  20:04  Planetary Fortress  
  134  20:05  Marine  
  134  20:06  Orbital Command  
  147  20:11  Marauder  
  147  20:12  Refinery  
  147  20:13  Refinery  
  149  20:18  Marauder x2  
  153  20:23  Marauder  
  153  20:26  Liberator  
  153  20:28  Widow Mine x3  
  164  20:30  Missile Turret  
  164  20:32  Ghost  
  164  20:34  Marine x3  
  169  20:39  Ghost  
  169  20:40  Marauder, Personal Cloaking  
  173  20:49  Widow Mine x2  
  177  20:50  Marine x3  
  177  20:51  Marauder  
  182  20:58  Marine  
  182  20:59  Marine x3  
  182  21:01  Marauder x2  
  182  21:03  Marine  
  187  21:08  Marauder, Marine x3  
  190  21:16  Marauder, Marine  
  190  21:17  Marine  
  194  21:20  Liberator x2  
  197  21:28  Command Center  
  197  21:41  Widow Mine  
  196  21:47  Ghost  

Tags
 
Add a new tag
Caveats
  • Supply blocks, unpowered buildings, or Contaminate may cause inaccurate times.
  • Supply counts are checked every 10 seconds.